AoeStats
← pickneo

Arena

508882651Analyzed
2v2 RM · 7d ago on Sep 24, 2026· 34m 8s· 4 players
Game mode
Random Map
Map size
Medium (4 player)
Population
200
Speed
Normal
Resources
Standard
Victory
Conquest
Starting age
Dark Age
Ending age
Imperial Age
RankedLock teamsTeams togetherTeam positionsShared explorationLock speedFull tech treeHidden civsTurbo modeCheats
Victory
Defeat
🇨🇳 Bohemians · China
906
+13
🇨🇳 Mongols · China
880
+14
🇧🇷 Mongols · Brazil
851
-14
🇮🇳 Spanish · India
832
-13
shinychrome
7:12 Loom
10:46 Feudal Age
15:39 Castle Age
13:55 Double-Bit Axe
31:48 Wheelbarrow
32:00 Bow Saw
lemuel_db
2:06 Loom
9:09 Feudal Age
10:04 Double-Bit Axe
10:29 Gold Mining
11:40 Horse Collar
19:51 Castle Age
20:39 Bloodlines
21:13 Bow Saw
21:15 Heavy Plow
22:11 Wheelbarrow
23:13 Forging
23:07 Town Watch
24:15 Hand Cart
24:05 Town Watch
24:17 Stone Mining
25:02 Gold Shaft Mining
25:10 Gold Shaft Mining
25:46 Stone Shaft Mining
25:48 Hand Cart
28:43 Light Cavalry
29:34 Bloodlines
29:24 Husbandry
29:34 Bloodlines
33:05 Imperial Age
32:44 Fletching
33:29 Iron Casting
meyerowitz
11:47 Feudal Age
16:35 Castle Age
14:43 Double-Bit Axe
14:52 Horse Collar
19:41 Chemistry
20:36 Bow Saw
24:05 Heavy Plow
27:54 Wheelbarrow
29:31 Loom
pickneo
9:17 Feudal Age
18:14 Castle Age
17:43 Double-Bit Axe
17:44 Horse Collar
19:37 Heavy Plow
20:35 Stone Mining
24:47 Stone Shaft Mining
24:03 Gold Mining
24:25 Bow Saw
28:17 Masonry
28:18 Fortified Wall
28:28 Ballistics
32:10 Fletching
32:21 Padded Archer Armor
32:27 Scale Barding Armor
Connection lost

Rejoining the realm…

Still unreachable

The connection could not be restored.

Session expired

The server has moved on; the page needs a fresh start.